 Dungeon Crawl Stone Soup version 0.31-a0-152-g6aa68a64a1 (webtiles) character file.

Game seed: 3474470262788080262

140 qw the Shooter (level 5, -2/46 HPs)
             Began as a Minotaur Hunter on June 9, 2023.
             Slain by a gnoll
             ... wielding a +0 spear
              (3 damage)
             ... on level 3 of the Dungeon.
             The game lasted 00:00:37 (1577 turns).

qw the Shooter (Minotaur Hunter)                    Turns: 1577, Time: 00:00:37

Health: -2/46      AC:  4    Str: 16    XL:     5   Next: 2%
Magic:  4/4        EV: 12    Int:  6    God:
Gold:   87         SH:  0    Dex: 15    Spells: 4/4 levels left

rFire   . . .        Y - +0 shortbow
rCold   . . .        (shield currently unavailable)
rNeg    . . .        c - +0 leather armour
rPois   .            (helmet restricted)
rElec   .            (no cloak)
rCorr   .            f - +0 pair of gloves
SInv    .            (no boots)
Will    .....        (no amulet)
Stlth   +            (no ring)
HPRegen 0.27/turn    (no ring)
MPRegen 0.09/turn

%: no passive effects
@: lethally poisoned (-2 -> -11), about to teleport
A: horns 2, retaliatory headbutt
a: no special abilities


You were on level 3 of the Dungeon.
You visited 1 branch of the dungeon, and saw 3 of its levels.

You collected 87 gold pieces.


Innate Abilities, Weirdness & Mutations

You have a pair of horns on your head.
You reflexively headbutt those who attack you in melee.


   Skills:
 - Level 4.1 Fighting
 + Level 6.1 Ranged Weapons
 - Level 1.1 Armour
 - Level 2.1 Dodging
 - Level 0.7 Stealth


You had 4 spell levels left.
You didn't know any spells.
Your spell library was empty.

Inventory:

Hand Weapons
 Y - a +0 shortbow (weapon)
Armour
 c - a +0 leather armour (worn)
 f - a +0 pair of gloves (worn)
Scrolls
 g - 2 scrolls of teleportation
 j - a scroll of identify {unknown}
Potions
 a - a potion of lignification {unknown}
 b - a potion of berserk rage {unknown}
 d - 2 potions of curing
 e - a potion of invisibility {unknown}
 h - a potion of attraction {unknown}
 i - a potion of resistance {unknown}
 k - a potion of enlightenment {unknown}

Dungeon Overview and Level Annotations

Branches:
Dungeon (3/15)

Altars:


Message History

1569 ||| Stepping ~*~*~tactically~*~*~ (outnumbered).
The gnoll hits you with a +0 club!
The gnoll hits you from afar with a +0 spear.
You shoot an arrow.
The arrow hits the gnoll but does no damage.
The gnoll is severely wounded.
The gnoll barely misses you.
The gnoll hits you from afar with a +0 spear.
You shoot an arrow. The arrow hits the gnoll!
You kill the gnoll!
The gnoll hits you from afar with a +1 spear of venom.
You are poisoned.
The gnoll hits you from afar with a +0 spear.
You have reached level 5!
1573 ||| Stepping ~*~*~tactically~*~*~ (outnumbered).
You feel sick.
You shoot an arrow. The arrow hits the gnoll.
The gnoll is moderately wounded.
You feel sick. The gnoll closely misses you. x2
The gnoll hits you but does no damage.
You shoot an arrow. The arrow hits the gnoll.
The gnoll is heavily wounded.
You feel sick.
The gnoll hits you with a +1 spear of venom!
You are lethally poisoned!
The gnoll closely misses you.
You shoot an arrow. The arrow hits the gnoll.
The gnoll is almost dead.
You feel very sick. The gnoll hits you but does no damage.
The gnoll hits you from afar with a +0 spear.
1577 ||| READING 3 scrolls of teleportation.
As you read the scroll of teleportation, it crumbles to dust.
You feel strangely unstable.
You feel very sick. The gnoll completely misses you. You furiously retaliate!
You headbutt the gnoll.
You kill the gnoll!
The gnoll hits you from afar with a +0 spear.
You die...

..####.#..............#
#.##...#..............#
#.##.###..............#..
..#..# ######'#########..
#>..## #####'#<.........
##### #........#..#..#.
#...)...###...##
#........#..#
#......#@..##
#####+###)##
#.gg)g.......
.......#.....#. #####
......###...### .%..#
....... ..#..#. ....#
....... .###... ....#
....... ## ### ....#
.......


You could see a gnoll.

Vanquished Creatures
  A hound (D:2)
  Ijyb (D:3)
  2 gnolls (D:3)
  2 adders (D:3)
  A worm (D:3)
  3 dart slugs
  An orc (D:3)
  5 bats (D:1)
  5 endoplasms (D:1)
  5 giant cockroaches
  3 goblins (D:1)
  4 hobgoblins
  3 jackals (D:1)
  A quokka (D:1)
  3 ball pythons
  3 frilled lizards
  3 kobolds
  5 rats
51 creatures vanquished.

Notes
Turn   | Place    | Note
-------+----------+-------------------------------------------
     0 | D:1      | qw the Minotaur Hunter began the quest for the Orb.
     0 | D:1      | Reached XP level 1. HP: 18/18 MP: 0/0
     0 | D:1      | 0 ||| qw: Version: 0.2-a-122-g1db1318
     0 | D:1      | 0 ||| qw: Game counter: 3241
     0 | D:1      | 0 ||| qw: Always use a shield: true
     0 | D:1      | 0 ||| qw: God list: Okawaru
     0 | D:1      | 0 ||| qw: Allow faded altars: false
     0 | D:1      | 0 ||| qw: Do Orc after D:15 true
     0 | D:1      | 0 ||| qw: Do second Lair branch before Depths: true
     0 | D:1      | 0 ||| qw: Lair rune preference: random
     0 | D:1      | 0 ||| qw: Plans: Normal
     0 | D:1      | 0 ||| PLANNING D:1-11
   149 | D:1      | Reached XP level 2. HP: 25/25 MP: 1/1
   158 | D:1      | Reached skill level 5 in Ranged Weapons
   311 | D:1      | Reached skill level 3 in Fighting
   414 | D:1      | Reached XP level 3. HP: 31/31 MP: 2/2
   640 | D:1      | 640 ||| DRINKING 2 bubbling blue potions.
   641 | D:1      | 641 ||| DROPPING scroll of butterflies.
   863 | D:2      | Reached XP level 4. HP: 35/38 MP: 3/3
   891 | D:2      | Reached skill level 6 in Ranged Weapons
  1099 | D:2      | 1099 ||| UPGRADING to +0 pair of gloves.
  1104 | D:2      | 1104 ||| READING scroll labelled CUCEOCW FAMUYXT.
  1105 | D:2      | 1105 ||| READING 3 scrolls labelled FIPIH XUWERUGI.
  1110 | D:2      | 1110 ||| READING scroll labelled HESEUSH USIHE.
  1187 | D:3      | Reached skill level 1 in Armour
  1373 | D:3      | Noticed Ijyb
  1379 | D:3      | Killed Ijyb
  1567 | D:3      | 1567 ||| Stepping ~*~*~tactically~*~*~ (outnumbered).
  1569 | D:3      | 1569 ||| Stepping ~*~*~tactically~*~*~ (outnumbered).
  1573 | D:3      | Reached XP level 5. HP: 27/46 MP: 4/4
  1573 | D:3      | 1573 ||| Stepping ~*~*~tactically~*~*~ (outnumbered).
  1576 | D:3      | HP: 9/46 [poisoned by a gnoll]
  1576 | D:3      | HP: 4/46 [gnoll/+0 spear (5)]
  1577 | D:3      | 1577 ||| READING 3 scrolls of teleportation.
  1577 | D:3      | HP: 1/46 [poisoned by a gnoll]
  1577 | D:3      | Slain by a gnoll

Levels and vault maps discovered:
D:1:      lightli_arrival_noodles, layout_loops_cross, grunt_decor_resistance
D:2:      layout_rooms, amethyst_killhole, hex_medium, moated_statue
D:3:      layout_basic, serial_glass, glass_columns_a, glass_columns_a,
          item_on_display_a, minmay_strange_pillars, minmay_strange_pillars,
          uniq_ijyb

Skill      XL: |  1  2  3  4 |
---------------+-------------+-----
Ranged Weapons | 5 6 |  6.1
Fighting       | 3 4 |  4.1
Armour         | 1 |  1.1
Dodging        | |  2.1
Stealth        | |  0.7

Action                     |  1- 3 |  4- 6 || total
---------------------------+-------+-------++-------
   Fire: Shortbow          |    74 |    51 ||   125
    Use: Potion            |     1 |       ||     1
         Scroll            |       |     4 ||     4
 Armour: Leather armour    |     8 |     3 ||    11
  Dodge: Dodged            |    17 |     9 ||    26

Table legend:
 A = Non-vault XP
 B = Vault XP
 C = Vault XP percentage of total XP
 D = Non-vault monster count
 E = Vault monster count
 F = Vault count percentage of total count
                 A         B        C        D         E       F
            +---------+---------+-------+---------+---------+-------
      Total |     179 |      36 |  16.7 |      50 |       1 |   2.0
            +---------+---------+-------+---------+---------+-------
        D:1 |      53 |       0 |   0.0 |      30 |       0 |   0.0
        D:2 |      48 |       0 |   0.0 |       6 |       0 |   0.0
        D:3 |      78 |      36 |  31.6 |      14 |       1 |   6.7
            +---------+---------+-------+---------+---------+-------
